 Dungeon Crawl Stone Soup version 0.31.0-12-g77e489cdc1 (webtiles) character file.

Game seed: 2263661900145782175

84 gohu the Digger (level 4, -1/24 HPs)
             Began as a Gargoyle Earth Elementalist on Feb 25, 2024.
             Slain by an iguana (11 damage)
             ... on level 3 of the Dungeon.
             The game lasted 00:04:14 (2253 turns).

gohu the Digger (Gargoyle Earth Elementalist)       Turns: 2253, Time: 00:04:15

Health: -1/24      AC:  5    Str: 11    XL:     4   Next: 46%
Magic:  0/7        EV: 11    Int: 18    God:
Gold:   135        SH:  3    Dex: 10    Spells: 6/7 levels left

rFire   . . .        (no weapon)
rCold   . . .        h - +0 buckler
rNeg    + . .        a - +0 robe
rPois   ∞            (no helmet)
rElec   +            (no cloak)
rCorr   .            (no gloves)
SInv    .            (no boots)
Will    .....        (no amulet)
Stlth   ++           (no ring)
HPRegen 0.24/turn    (no ring)
MPRegen 0.10/turn

%: no passive effects
@: no status effects
A: sickness immunity, AC +3, negative energy resistance 1, electricity
resistance, torment resistance 1, petrification resistance
a: no special abilities


You were on level 3 of the Dungeon.
You visited 1 branch of the dungeon, and saw 3 of its levels.

You collected 135 gold pieces.

Inventory:

Missiles
 i - 6 javelins
Armour
 a - a +0 robe (worn)
 h - a +0 buckler (worn)
Scrolls
 c - a scroll of fog {unknown}
 e - a scroll of acquirement {unknown}
 f - a scroll of poison {unknown}
 g - 2 scrolls of identify {unknown}
 j - 2 scrolls of teleportation {unknown}
 m - a scroll of fear {unknown}
 o - a scroll of vulnerability {unknown}
 q - a scroll of enchant armour {unknown}
Potions
 b - a potion of magic
 d - a potion of mutation {unknown}
 k - a potion of curing {unknown}
 l - a potion of brilliance {unknown}
 n - a potion of attraction {unknown}
 p - a potion of invisibility {unknown}


   Skills:
 - Level 1.5 Dodging
 - Level 2.1 Stealth
 - Level 2.0 Spellcasting
 + Level 2.7 Conjurations
 * Level 5.4 Earth Magic


You had 6 spell levels left.
You knew the following spells:

 Your Spells              Type           Power      Damage    Failure   Level
a - Sandblast             Erth           42%        2d11      2%          1

Your spell library contained the following spells:

 Spells                   Type           Power      Damage    Failure   Level
 Magic Dart               Conj           44%        1d5       9%          1
 Passwall                 Erth           21%        N/A       9%          3
 Searing Ray              Conj           22%        2d5       13%         2
 Stone Arrow              Conj/Erth      32%        3d9       14%         3
 Shock                    Conj/Air       24%        1d4       16%         1
 Dazzling Flash           Conj/Hex       12%        N/A       41%         3
 Brom's Barrelling Bould  Conj/Erth      16%        2d4       43%         4
 Swiftness                Air            1%         N/A       61%         3
 Volatile Blastmotes      Fire/Tloc      2%         2d10      61%         3
 Petrify                  Alch/Erth      11%        N/A       65%         4
 Fulminant Prism          Conj/Alch      3%         3d5       83%         4
 Airstrike                Air            0%         2d(1-17)  95%         4
 Starburst                Conj/Fire      3%         6d3       100%        6
 Maxwell's Capacitive Co  Air            0%         ∞         100%        8


Dungeon Overview and Level Annotations

Branches:
Dungeon (3/15)

Altars:

Annotations:
D:2 1 runed translucent door, Crazy Yiuf
D:3 2 transporters


Innate Abilities, Weirdness & Mutations

You are immune to sickness and miasma.
Your stone body is resilient. (AC +3)
You are immune to poison.
You resist negative energy. (rN+)
You are resistant to electric shocks. (rElec)
You are resistant to unholy torment.
You are immune to petrification.


Message History

Aiming: Sandblast (safe; 2% risk of failure)
Press: ? - help, Q - select action, (/) - cycle Shift-Dir - straight line, f/p - iguana
Aim: an iguana (heavily wounded, 85% to hit)
The blast of sand hits the iguana but does no damage.
The iguana is heavily wounded.
The iguana bites you.
Aiming: Sandblast (safe; 2% risk of failure)
Press: ? - help, Q - select action, (/) - cycle Shift-Dir - straight line, f/p - iguana
Aim: an iguana (heavily wounded, 85% to hit)
The blast of sand hits the iguana but does no damage.
The iguana is heavily wounded.
The iguana bites you. x2
Aiming: Sandblast (safe; 2% risk of failure)
Press: ? - help, Q - select action, (/) - cycle Shift-Dir - straight line, f/p - iguana
Aim: an iguana (heavily wounded, 85% to hit)
The blast of sand hits the iguana.
The iguana is severely wounded.
The iguana closely misses you.
Aiming: Sandblast (safe; 2% risk of failure)
Press: ? - help, Q - select action, (/) - cycle Shift-Dir - straight line, f/p - iguana
Aim: an iguana (severely wounded, 85% to hit)
The blast of sand hits the iguana but does no damage.
The iguana is severely wounded.
The iguana closely misses you. x2
Aiming: Sandblast (safe; 2% risk of failure)
Press: ? - help, Q - select action, (/) - cycle Shift-Dir - straight line, f/p - iguana
Aim: an iguana (severely wounded, 85% to hit)
The blast of sand hits the iguana but does no damage.
The iguana is severely wounded.
The iguana bites you but does no damage.
Aiming: Sandblast (safe; 2% risk of failure)
Press: ? - help, Q - select action, (/) - cycle Shift-Dir - straight line, f/p - iguana
Aim: an iguana (severely wounded, 85% to hit)
The blast of sand hits the iguana.
The iguana is almost dead.
The iguana bites you. x2
You don't have enough magic to cast this spell.
You don't have enough magic to cast this spell.
The iguana attacks as it pursues you! The iguana bites you!
You die...

##.######## #.# ##.##. #.#
#.# # #. #(# #######.# #.
#.# #.>.....# #. #.#
#.####### #. ####.#####.#
#.......##.# #.
#.##.##.##.##########!# #.
####.##.##.##.@l.....>...#
#.
#.............##########.#
#. #.##.##.##.##.# ###.
#.##.##.##.##<# ....
#.##......##### #.
#.######### #. #.########
## #........# # ##########
#


You could see an iguana.

Vanquished Creatures
  2 adders
  A ribbon worm (D:3)
  2 dart slugs (D:1)
  A ball python (D:2)
  10 endoplasms
  5 giant cockroaches
  3 goblins
  4 hobgoblins
  3 jackals (D:1)
  A quokka (D:2)
  5 bats
  2 frilled lizards
  6 kobolds
  11 rats
56 creatures vanquished.

Notes
Turn   | Place    | Note
-------+----------+-------------------------------------------
     0 | D:1      | gohu the Gargoyle Earth Elementalist began the quest for
                  | the Orb.
     0 | D:1      | Reached XP level 1. HP: 10/10 MP: 3/3
   176 | D:1      | Reached skill level 4 in Earth Magic
   176 | D:1      | Reached XP level 2. HP: 15/15 MP: 0/5
   552 | D:1      | Reached XP level 3. HP: 19/19 MP: 4/6
  1002 | D:2      | Reached skill level 5 in Earth Magic
  1131 | D:2      | Reached XP level 4. HP: 24/24 MP: 5/7
  1318 | D:2      | Found a runed translucent door.
  1319 | D:2      | Noticed Crazy Yiuf
  1936 | D:3      | Found a transporter.
  1956 | D:3      | Found a transporter.
  2253 | D:3      | Slain by an iguana

Illustrated notes

Levels and vault maps discovered:
D:1:      spicycebolla_arrival_clurvy, layout_basic, grunt_decor_junction
D:2:      layout_loops_ring, uniq_crazy_yiuf_cottage
D:3:      gammafunk_steamed_eel, layout_loops_ring, minmay_shallow_snake_nest

Skill      XL: |  1  2  3 |
---------------+----------+-----
Earth Magic    | 4 5 |  5.4
Conjurations   | 2 |  2.7
Dodging        | |  1.5
Stealth        | |  2.1
Spellcasting   | |  2.0

Action                     |  1- 3 |  4- 6 || total
---------------------------+-------+-------++-------
   Cast: Sandblast         |    48 |    26 ||    74
 Armour: Robe              |     1 |     8 ||     9
  Dodge: Dodged            |     3 |     5 ||     8
  Block: Buckler           |       |     2 ||     2
